Map: Ancient Cistern LE

Players

艾尔难民 - Winner!

  • Race: Zerg Zerg
  • Spawn Location: 7:00

winzboy

  • Race: Protoss Protoss
  • League: Gold
  • Spawn Location: 1:00

VOD

Have the link to the VOD?

Description

Time

  • Played on: May 26, 2023, 4:16 a.m.
  • Length: 3:28
Show
View Real Time Build Order
Export as new Build Order

艾尔难民 Zerg - Winner!

Build Orders: Pool First 

Get SALT Encoding   

  12  0:18  Spawning Pool  
  11  0:22  Drone  
  11  0:27  Drone  
  13  0:31  Drone  
  14  0:40  Overlord  
  14  1:01  Drone x2  
  16  1:06  Drone  
  16  1:07  Queen  
  19  1:23  Drone  
  20  1:30  Overlord  
  20  1:42  Hatchery  
  19  1:52  Zergling x4  
  21  2:01  Zergling x2  
  22  2:12  Zergling x2  
  23  2:26  Hatchery  
  23  2:27  Zergling x6  
  25  2:36  Zergling x2  
  26  2:41  Zergling x2  
  27  2:53  Zergling x2  
  28  3:05  Zergling x4  
Show
View Real Time Build Order
Export as new Build Order

winzboy Protoss 

Build Orders:  

Get SALT Encoding   

  12  0:07  Probe  
  13  0:19  Probe  
  14  0:27  Pylon  
  14  0:31  Probe  
  14  0:35  Assimilator  
  15  0:45  Probe  
  15  0:48  Gateway  
  16  1:00  Probe (Chrono Boost)  
  17  1:10  Probe (Chrono Boost)  
  18  1:15  Probe (Chrono Boost)  
  19  1:26  Probe  
  20  1:38  Probe  
  21  1:47  Cybernetics Core  
  21  1:50  Probe  
  22  1:54  Pylon  
  22  2:01  Nexus  
  22  2:02  Probe  
  23  2:10  Assimilator  
  23  2:21  Probe  
  24  2:22  Adept (Chrono Boost)  
  26  2:33  Probe  
  27  2:41  Gateway  
  27  2:45  Probe  
  28  2:56  Adept  
  28  2:57  Probe, Gateway  
Tags
 
League
Gold
Matchup
PvZ
Opening
Pool First
Replay Pack
Multiplayer
Spawn Locations
Cross Positions
Add a new tag
Caveats
  • Supply blocks, unpowered buildings, or Contaminate may cause inaccurate times.
  • Supply counts are checked every 10 seconds.